 Dungeon Crawl Stone Soup version 0.29.1-13-g9f3cf754e1 (webtiles) character file.

Game seed: 16413354486311081112

669 croobank the Covert (level 7, -1/49 HPs)
             Began as an Octopode Delver on Jan 19, 2023.
             Slain by an ogre
             ... wielding a +0 giant club
              (22 damage)
             ... on level 5 of the Dungeon.
             The game lasted 00:17:59 (4358 turns).

croobank the Covert (Octopode Delver)               Turns: 4358, Time: 00:17:59

Health: -1/49      AC:  1    Str: 11    XL:     7   Next: 58%
Magic:  0/10       EV: 14    Int: 21    God:
Gold:   211        SH:  0    Dex: 15    Spells: 11/11 levels left

rFire   + . .      SeeInvis .   l - +0 dagger (elec)
rCold   . . .      Faith    .   (no shield)
rNeg    . . .      Spirit   +   m - +0 hat
rPois   .          Reflect  .   k - amulet of Omohiny {Spirit rF+ Dex+2}
rElec   .          Harm     .   g - ring of willpower
rCorr   .          Rampage  .   q - +6 ring of intelligence
Will    +....                   (no ring)
Stlth   ++++++....              (no ring)
HPRegen 0.16/turn               (no ring)
MPRegen 0.12/turn               (no ring)
                                (no ring)
                                (no ring)

@: no status effects
A: almost no armour, amphibious, 8 rings, camouflage 1, gelatinous body 1,
nimble swimmer 1, tentacles
a: no special abilities


You were on level 5 of the Dungeon.
You visited 1 branch of the dungeon, and saw 6 of its levels.

You collected 211 gold pieces.

Inventory:

Hand Weapons
 a - a +0 hand axe
 d - a +0 morningstar
 i - a +0 short sword
 j - a +0 scythe
 l - a +0 dagger of electrocution (weapon)
Missiles
 n - 6 boomerangs (quivered)
Armour
 m - a +0 hat (worn)
Jewellery
 g - a ring of willpower (left tentacle)
 k - the amulet of Omohiny (around mantle) {Spirit rF+ Dex+2}
   (You found it on level 2 of the Dungeon)

   [amulet of guardian spirit]

   It causes incoming damage to be divided between your reserves of health and
   magic.
   Dex:       It affects your dexterity (+2).
   rF:        It protects you from fire.
 q - a +6 ring of intelligence (right tentacle)
Wands
 f - a wand of digging (3)
Scrolls
 b - a scroll of fog
 c - 2 scrolls of teleportation
Potions
 e - a potion of flight
 h - 2 potions of might
 o - 2 potions of curing
 p - a potion of attraction
 r - a potion of brilliance {unknown}


   Skills:
 + Level 4.6 Fighting
 + Level 4.1 Axes
 + Level 4.1 Dodging
 + Level 8.4 Stealth
 * Level 2.6 Spellcasting


You had 11 spell levels left.
You didn't know any spells.
Your spell library was empty.

Dungeon Overview and Level Annotations

Branches:
Dungeon (6/15)
 Temple: D:4-7

Altars:

Annotations:
D:2 1 runed translucent door, Crazy Yiuf
D:4 Dowan, Duvessa, Edmund


Innate Abilities, Weirdness & Mutations

You cannot wear most types of armour.
You are amphibious.
You can wear up to eight rings at the same time.
Your skin changes colour to match your surroundings (Stealth+).
Your rubbery body absorbs attacks. (AC +1, EV +1)
You are camouflaged when in or above water. (Stealth+)
You have tentacles for arms and can constrict up to eight enemies at once.


Message History

a +0 dagger; a +0 ring mail
Items here: )) [[ †.
r - a fuming blue potion
Items here: )) [[ †.
Things that are here:
a +0 dagger; a +0 ring mail
Found 13 gold pieces.
No target in view!
No target in view!
You now have 211 gold pieces (gained 13).
An ufetubus comes into view.
The ufetubus hits you. The ufetubus closely misses you.
You closely miss the ufetubus. Your grab misses the ufetubus.
You squeeze the ufetubus.
The ufetubus is severely wounded.
The ufetubus closely misses you. x2; The ufetubus barely misses you.
The ufetubus misses you.
You hit the ufetubus but do no damage. Your grab misses the ufetubus.
Your squeeze misses the ufetubus.
The ufetubus is severely wounded.
The ufetubus misses you. The ufetubus barely misses you.
You closely miss the ufetubus. Your grab misses the ufetubus.
You squeeze the ufetubus, but do no damage.
The ufetubus is severely wounded.
The ufetubus misses you. The ufetubus barely misses you.
The ufetubus hits you. x2
You hit the ufetubus.
Lightning courses through the ufetubus!!
You kill the ufetubus!
No target in view!
Magic restored.
An ogre comes into view. It is wielding a +0 giant club.
The ogre shouts!
You hit the ogre but do no damage.
The ogre hits you with a +0 giant club!!
Ouch! That really hurt!
You are too injured to fight recklessly!
You hit the ogre. Your squeeze misses the ogre.
The ogre is lightly wounded.
The ogre hits you with a +0 giant club!!
You die...

.≈≈~≈≈..♣ ..≈~≈...
....... .....
♣♣...♣♣ ♣♣.....♣♣
♣♣.O.....♣♣
♣...@~≈...♣ #..
#..≈≈~≈≈..# ##..
#..~~♣~~..# #...
#..≈≈~≈≈..# #..#
#...≈~≈...#
#..#####....?..##
###..##...#.....##
.
#....#........###
.#
##.#.......#####


You could see an ogre.

Vanquished Creatures
  Grinder (D:3)
  Sigmund (D:2)
  An orc priest (D:3)
  2 iguanas
  3 orc wizards
  4 gnolls
  5 adders
  An ufetubus (D:5)
  A worm (D:2)
  2 dart slugs
  13 orcs
  3 bats (D:1)
  7 endoplasms
  4 giant cockroaches
  7 goblins
  8 hobgoblins
  2 jackals (D:3)
  2 kobolds (D:1)
  2 quokkas
  7 ball pythons
  5 rats
81 creatures vanquished.

Notes
Turn   | Place    | Note
-------+----------+-------------------------------------------
     0 | D:5      | croobank the Octopode Delver began the quest for the Orb.
     0 | D:5      | Reached XP level 1. HP: 16/16 MP: 1/1
     3 | D:6      | Noticed an iguana
    10 | D:4      | Noticed Dowan
    10 | D:4      | Noticed an ogre
    59 | D:2      | Noticed Sigmund
    97 | D:3      | Reached XP level 2. HP: 21/21 MP: 2/2
   313 | D:2      | Killed Sigmund
   314 | D:2      | Reached skill level 7 in Stealth
   314 | D:2      | Reached XP level 3. HP: 17/27 MP: 3/3
   314 | D:2      | Reached XP level 4. HP: 21/33 MP: 4/4
   314 | D:2      | Reached XP level 5. HP: 24/37 MP: 5/5
   342 | D:2      | Identified the amulet of Omohiny {Spirit rF+ Dex+2}
  1166 | D:1      | Found a faded altar of an unknown god.
  1650 | D:2      | Found a runed translucent door.
  1651 | D:2      | Noticed Crazy Yiuf
  2005 | D:4      | Noticed Edmund
  2073 | D:4      | Reached XP level 6. HP: 27/43 MP: 3/6
  2421 | D:3      | Reached skill level 1 in Spellcasting
  2628 | D:3      | Reached skill level 8 in Stealth
  2988 | D:3      | Noticed Grinder
  2990 | D:3      | Paralysed by Grinder for 2 turns
  3085 | D:4      | Noticed Duvessa
  3420 | D:3      | Killed Grinder
  3421 | D:3      | Reached XP level 7. HP: 38/49 MP: 5/10
  4358 | D:5      | Slain by an ogre

Illustrated notes

Levels and vault maps discovered:
D:1:      scummos_arrival_forest, layout_basic,
          dilly_ecumenical_altar_fadedgnrine, kennysheep_doodads,
          reono_crystal_passage, solitary_fountain
D:2:      layout_rooms, uniq_crazy_yiuf_cottage, uniq_sigmund
D:3:      layout_basic, uniq_grinder
D:4:      layout_cave_pods, minmay_temple_entry_butterflies,
          kennysheep_generic_room_13, uniq_edmund, uniq_pikel, uniq_duvessa
D:5:      layout_rooms, elyvilon_altar_3, led_sif_book,
          corexii_item_surrounded_by_moat, st_stairs_12, minmay_misc_feat_square
D:6:      layout_loops_ring, vehumet_altar_wand_db,
          chequers_temple_overflow_minitemple, serial_shops,
          nicolae_shop_overgrown_old_shop

Skill      XL: |  1  2  3  4  5  6  7 |
---------------+----------------------+-----
Axes           | 3 4 |  4.1
Dodging        | 3 4 |  4.1
Stealth        | 7 8 |  8.4
Fighting       | 4 |  4.6
Spellcasting   | 2 |  2.6

Action                   |  1- 3 |  4- 6 |  7- 9 || total
-------------------------+-------+-------+-------++-------
Melee: Short sword       |    20 |     4 |       ||    24
       Hand axe          |     1 |       |       ||     1
       Tentacles         |     5 |    17 |    13 ||    35
       Constrict         |     4 |    22 |    11 ||    37
       Punch             |     1 |     3 |       ||     4
       Dagger            |       |    83 |    56 ||   139
  Use: Scroll            |     1 |    12 |     1 ||    14
       Potion            |     1 |     2 |       ||     3
 Stab: Sleeping          |     4 |    17 |     3 ||    24
       Distracted        |       |       |     1 ||     1
Armor: Skin              |       |     4 |     2 ||     6
Dodge: Dodged            |    14 |    54 |    40 ||   108
